 Dungeon Crawl Stone Soup version 0.28.0-53-g5a82cb258f (webtiles) character file.

Game seed: 3683396882948777110

331 DocClef the Firebug (level 6, -4/44 HPs)
             Began as a Gnoll Fire Elementalist on July 15, 2022.
             Was an Initiate of Gozag.
             Slain by a scorpion (8 damage)
             ... on level 3 of the Dungeon.
             The game lasted 00:06:27 (5416 turns).

DocClef the Firebug (Gnoll Fire Elementalist)       Turns: 5416, Time: 00:06:27

Health: -4/44      AC:  3    Str:  7    XL:     6   Next: 52%
Magic:  4/14       EV: 13    Int: 16    God:    Gozag
Gold:   197        SH:  0    Dex: 13    Spells: 6/15 levels left

rFire   . . .      SeeInvis .   m - +0 flail (protect)
rCold   . . .      Faith    .   (no shield)
rNeg    . . .      Spirit   .   a - +0 robe
rPois   .          Reflect  .   (no helmet)
rElec   .          Harm     .   (no cloak)
rCorr   .          Rampage  .   (no gloves)
Will    .....                   f - +0 pair of boots
Stlth   +++.......              (no amulet)
HPRegen 0.14/turn               (no ring)
MPRegen 0.14/turn               (no ring)

@: hasted, very quick
A: fangs 1, strong nose, distributed training
a: Renounce Religion, Potion Petition, Call Merchant, Bribe Branch


You were on level 3 of the Dungeon.
You worshipped Gozag.
Gozag was aware of your devotion.
You visited 2 branches of the dungeon, and saw 5 of its levels.

You collected 256 gold pieces.
You paid 59 gold pieces to Gozag.

Inventory:

Hand Weapons
 c - a +0 short sword
 m - a +0 flail of protection (weapon)
Missiles
 e - 5 atropa-tipped darts
Armour
 a - a +0 robe (worn)
 f - a +0 pair of boots (worn)
Scrolls
 b - 4 scrolls of identify {unknown}
 g - 2 scrolls of magic mapping {unknown}
 h - a scroll of noise {unknown}
 i - 3 scrolls of teleportation {unknown}
 l - a scroll of summoning {unknown}
 p - a scroll of enchant armour {unknown}
Potions
 d - 2 potions of haste
 j - a potion of curing {unknown}
 k - 2 potions of ambrosia {unknown}
 n - a potion of attraction {unknown}
 o - a potion of brilliance {unknown}
 q - a potion of mutation {unknown}


   Skills:
 + Level 2.0 Fighting
 + Level 2.0 Short Blades
 + Level 2.0 Long Blades
 + Level 2.0 Axes
 + Level 2.0 Maces & Flails
 + Level 2.0 Polearms
 + Level 2.0 Staves
 + Level 2.0 Slings
 + Level 2.0 Bows
 + Level 2.0 Crossbows
 + Level 2.0 Throwing
 + Level 2.0 Armour
 + Level 5.0 Dodging
 + Level 4.6 Stealth
 + Level 2.0 Shields
 + Level 2.0 Unarmed Combat
 + Level 5.4 Spellcasting
 + Level 2.6 Conjurations
 + Level 1.5 Hexes
 + Level 1.5 Summonings
 + Level 1.5 Necromancy
 + Level 1.5 Translocations
 + Level 1.5 Transmutations
 + Level 5.6 Fire Magic
 + Level 1.5 Ice Magic
 + Level 1.5 Air Magic
 + Level 1.5 Earth Magic
 + Level 1.5 Poison Magic
 + Level 2.2 Invocations
 + Level 2.0 Evocations


You had 6 spell levels left.
You knew the following spells:

 Your Spells              Type           Power      Damage    Failure   Level
a - Foxfire               Conj/Fire      68%        2x1d7     2%          1
b - Scorch                Fire           44%        2d7       2%          2
c - Conjure Flame         Conj/Fire      17%        6-21      8%          3
d - Inner Flame           Hex/Fire       15%        N/A       10%         3

Your spell library contained the following spells:

 Spells                   Type           Power      Damage    Failure   Level
 Magic Dart               Conj           48%        1d5       4%          1
 Call Imp                 Summ           9%         N/A       12%         2
 Mephitic Cloud           Conj/Pois/Air  10%        N/A       21%         3
 Flame Wave               Conj/Fire      17%        2d6       26%         4
 Passage of Golubria      Tloc           9%         N/A       58%         4
 Silence                  Hex/Air        4%         N/A       91%         5
 Lehudib's Crystal Spear  Conj/Erth      5%         10d3      100%        8


Dungeon Overview and Level Annotations

Branches:
Dungeon (4/15)             Temple (1/1) D:4

Altars:
Ashenzari
Cheibriados
Dithmenos
Elyvilon
Gozag
Makhleb
Nemelex Xobeh
Qazlal
Ru
Sif Muna
Vehumet
Wu Jian
Xom
The Shining One

Shops:
D:4 :

Annotations:
D:3 2 transporters
D:4 Edmund


Innate Abilities, Weirdness & Mutations

You have very sharp teeth.
Your uncanny sense of smell can sniff out nearby items.
Your experience applies equally to all skills.


Message History

Unknown command.
That's the wrong kind of item! (Use * to select it.) Fire/throw which item? (* to show all) (? for menu, Esc to quit)
You don't have any such object.
Fire/throw which item? (* to show all) (? for menu, Esc to quit)
Okay, then.
Throw: 6 darts (atropa)
Press: ? - help, Shift-Dir - straight line, f - Edmund
Aim: Edmund, wielding a +2 flail of venom and wearing a +0 chain mail (moderately wounded, more vulnerable to fire, ally target, 67% to hit, chance to blind on hit: 75%)
You throw an atropa-tipped dart. The atropa-tipped dart hits Edmund.
Edmund appears confused.
Edmund is moderately wounded.
You feel sick.
Edmund is no longer more vulnerable to fire.
The foxfire hits Edmund but does no damage.
Edmund is moderately wounded.
The foxfire hits Edmund.
Edmund is heavily wounded.
You feel sick.
Edmund seems less confused.
You are too injured to fight recklessly!
You are too injured to fight recklessly!
You are too injured to fight recklessly!
You feel sick.
You feel sick.
You feel sick.
Edmund is no longer blind.
You feel sick.
You are no longer poisoned.
Edmund says, "I'm quite good with sums, too."
There is a stone staircase leading up here.
The scorpion stings you.
* * * LOW HITPOINT WARNING * * *
The scorpion stings you!
* * * LOW HITPOINT WARNING * * *
You climb upwards.
Level annotation: 2 transporters
There is a stone staircase leading down here.
The scorpion stings you but does no damage.
It was a potion of haste.
You feel yourself speed up. The scorpion stings you!
You die...
Your body crumbles into a pile of gold.

#.###...........##....
#######..............##.....
#...........................
######.#.###.#..............
#.#.###...............#
#.....#.#.#......#....#
#.....#.#.#......##.#.#
#.....#.#.#......##.#.#
#.....@..........##.#.#
#.....#s#.............#
#.#.###.......)........
#.........#.......#)#..
######........>[............
#............(..............
#######.....................
#.....................
#.....................


You could see a scorpion.

Vanquished Creatures
  A water moccasin skeleton (D:4)
  A hound (D:4)
  2 orc priests
  A centaur skeleton (D:4)
  An orc wizard (D:3)
  4 adders
  2 ufetubi
  A worm (D:4)
  2 dart slugs
  10 orcs
  9 ball pythons
  2 bats (D:1)
  7 endoplasms
  3 giant cockroaches
  5 goblins
  9 hobgoblins
  2 jackals (D:1)
  2 quokkas
  10 kobolds
  9 rats
83 creatures vanquished.

Vanquished Creatures (others)
  420 foxfires
  A fungus (D:4)
421 creatures vanquished.

Grand Total: 504 creatures vanquished

Notes
Turn   | Place    | Note
-------+----------+-------------------------------------------
     0 | D:1      | DocClef the Gnoll Fire Elementalist began the quest for the
                  | Orb.
     0 | D:1      | Reached XP level 1. HP: 13/13 MP: 6/6
   182 | D:1      | Reached XP level 2. HP: 19/19 MP: 2/7
   859 | D:1      | Reached XP level 3. HP: 25/25 MP: 6/9
   862 | D:1      | Reached skill level 5 in Spellcasting
  1457 | D:1      | Reached skill level 1 in Invocations
  1736 | D:2      | Reached skill level 1 in Fighting
  1736 | D:2      | Reached skill level 1 in Short Blades
  1736 | D:2      | Reached skill level 1 in Long Blades
  1736 | D:2      | Reached skill level 1 in Axes
  1736 | D:2      | Reached skill level 1 in Maces & Flails
  1736 | D:2      | Reached skill level 1 in Polearms
  1736 | D:2      | Reached skill level 1 in Staves
  1736 | D:2      | Reached skill level 1 in Slings
  1736 | D:2      | Reached skill level 1 in Bows
  1736 | D:2      | Reached skill level 1 in Crossbows
  1736 | D:2      | Reached skill level 1 in Throwing
  1736 | D:2      | Reached skill level 1 in Armour
  1736 | D:2      | Reached skill level 1 in Shields
  1736 | D:2      | Reached skill level 1 in Unarmed Combat
  1736 | D:2      | Reached skill level 1 in Evocations
  2025 | D:2      | Learned a level 2 spell: Scorch
  2029 | D:2      | Learned a level 3 spell: Conjure Flame
  2033 | D:2      | Learned a level 3 spell: Inner Flame
  2094 | D:2      | Reached XP level 4. HP: 32/32 MP: 7/11
  2824 | D:2      | Found a faded altar of an unknown god.
  2856 | D:2      | Reached skill level 1 in Hexes
  2856 | D:2      | Reached skill level 1 in Summonings
  2856 | D:2      | Reached skill level 1 in Necromancy
  2856 | D:2      | Reached skill level 1 in Translocations
  2856 | D:2      | Reached skill level 1 in Transmutations
  2856 | D:2      | Reached skill level 1 in Ice Magic
  2856 | D:2      | Reached skill level 1 in Air Magic
  2856 | D:2      | Reached skill level 1 in Earth Magic
  2856 | D:2      | Reached skill level 1 in Poison Magic
  3406 | D:3      | Found a transporter.
  3585 | D:3      | Reached XP level 5. HP: 32/37 MP: 3/12
  3956 | D:3      | Found a transporter.
  3964 | D:3      | Noticed a kobold demonologist
  4435 | D:4      | Found a staircase to the Ecumenical Temple.
  4445 | D:4      | Reached XP level 6. HP: 44/44 MP: 7/13
  4454 | Temple   | Entered the Ecumenical Temple
  4543 | Temple   | Became a worshipper of Gozag Ym Sagoz the Greedy
  4616 | D:4      | Noticed Edmund
  4769 | D:4      | Found Jiuthrata's Book Boutique.
  4774 | D:4      | Reached skill level 5 in Dodging
  5267 | D:4      | Found a glowing golden altar of the Shining One.
  5416 | D:3      | Slain by a scorpion

Illustrated notes

Levels and vault maps discovered:
D:1:      lightli_iron_boxes, layout_loops_ring, serial_glass, glass_columns_a,
          glass_columns_c
D:2:      layout_basic, chequers_ecumenical_altar_grove,
          amcnicky_mini_rare_corridor_liquid
D:3:      gammafunk_wand_slinger, layout_basic, chequers_serial_rivers_small_a,
          kennysheep_generic_room_7
D:4:      layout_cave_pools, mainiacjoe_overflow_six_doors_small,
          mainiacjoe_overflow_boulevard, minmay_temple_entry_purple_smoke,
          serial_shops, nicolae_shop_stone, uniq_edmund, uniq_grinder
Temple:   cyrus_circular_temple

Skill      XL: |  1  2  3  4  5  6 |
---------------+-------------------+-----
Conjurations   | 2 |  2.6
Spellcasting   | 5 |  5.4
Invocations    | 1 2 |  2.2
Fighting       | 1 2 |  2.0
Short Blades   | 1 2 |  2.0
Long Blades    | 1 2 |  2.0
Axes           | 1 2 |  2.0
Maces & Flails | 1 2 |  2.0
Polearms       | 1 2 |  2.0
Staves         | 1 2 |  2.0
Slings         | 1 2 |  2.0
Bows           | 1 2 |  2.0
Crossbows      | 1 2 |  2.0
Throwing       | 1 2 |  2.0
Armour         | 1 2 |  2.0
Shields        | 1 2 |  2.0
Unarmed Combat | 1 2 |  2.0
Evocations     | 1 2 |  2.0
Hexes          | 1 |  1.5
Summonings     | 1 |  1.5
Necromancy     | 1 |  1.5
Translocations | 1 |  1.5
Transmutations | 1 |  1.5
Ice Magic      | 1 |  1.5
Air Magic      | 1 |  1.5
Earth Magic    | 1 |  1.5
Poison Magic   | 1 |  1.5
Dodging        | 5 |  5.0
Stealth        | |  4.6
Fire Magic     | |  5.6

Action                   |  1- 3 |  4- 6 || total
-------------------------+-------+-------++-------
Melee: Short sword       |    21 |    17 ||    38
       Bite              |     2 |     4 ||     6
       Flail             |       |    13 ||    13
Throw: Dart              |       |     2 ||     2
 Cast: Foxfire           |   111 |   140 ||   251
       Conjure Flame     |       |     2 ||     2
       Scorch            |       |     2 ||     2
  Use: Potion            |       |     1 ||     1
 Stab: Sleeping          |     2 |     1 ||     3
Armor: Robe              |     2 |     5 ||     7
Dodge: Dodged            |    21 |    37 ||    58
